Map: Neon Violet Square LE

Players

darkkelbek

  • Race: Zerg Zerg
  • League: Platinum
  • Spawn Location: 11:00

CynderQuil - Winner!

  • Race: Zerg Zerg
  • League: Gold
  • Spawn Location: 5:00

VOD

Have the link to the VOD?

Description

Worst race Zerg somehow beating a plat

Time

  • Played on: Dec. 2, 2017, 6:51 p.m.
  • Length: 8:54
Show
View Real Time Build Order
Export as new Build Order

darkkelbek Zerg 

Build Orders: Pool First 

Get SALT Encoding   

  12  0:21  Spawning Pool  
  11  0:23  Drone  
  11  0:27  Drone  
  13  0:31  Drone  
  14  0:42  Overlord  
  14  0:49  Overlord  
  14  1:02  Drone  
  15  1:08  Queen  
  15  1:10  Drone  
  18  1:15  Extractor  
  17  1:22  Spine Crawler  
  17  1:23  Drone  
  17  1:29  Drone  
  18  1:41  Spine Crawler  
  18  1:43  Drone  
  18  1:51  Drone  
  19  1:54  Queen  
  21  2:03  Overlord  
  21  2:13  Drone  
  22  2:21  Roach Warren  
  21  2:24  Drone  
  22  2:44  Lair  
  22  2:46  Drone x2  
  22  2:50  Drone  
  25  3:00  Spine Crawler  
  24  3:27  Drone x4  
  24  3:28  Drone  
  29  3:34  Extractor  
  28  3:48  Hydralisk Den  
  28  3:52  Infestation Pit  
  26  4:02  Queen  
  28  4:04  Drone x3  
  28  4:05  Drone x3  
  34  4:14  Spore Crawler  
  33  4:18  Spore Crawler  
  33  4:20  Muscular Augments  
  32  4:29  Evolution Chamber  
  31  4:50  Hydralisk  
  31  4:51  Hydralisk x2  
  37  4:54  Overlord x2  
  37  5:22  Hydralisk x3  
  43  5:35  Overseer  
  43  5:38  Hatchery  
  42  5:51  Pneumatized Carapace  
  42  6:00  Overseer  
  42  6:14  Zerg Missile Weapons Level 1  
  42  6:19  Drone x6  
  48  6:44  Lurker Den  
  47  6:55  Drone  
  47  6:57  Queen  
  47  7:00  Extractor  
  49  7:09  Hydralisk x3  
  55  7:17  Spore Crawler  
  55  7:21  Spore Crawler  
  53  7:29  Drone x3  
  56  7:31  Drone x3  
  59  7:42  Extractor  
  58  7:51  Spore Crawler  
  58  7:56  Spore Crawler  
  56  8:03  Overlord x3  
  56  8:20  Spore Crawler  
Show
View Real Time Build Order
Export as new Build Order

CynderQuil Zerg - Winner!

Build Orders: Pool First, Muta Ling Bane 

Get SALT Encoding   

  12  0:02  Drone  
  13  0:12  Drone  
  14  0:19  Overlord  
  14  0:39  Drone x3  
  17  0:49  Spawning Pool  
  16  0:54  Drone  
  17  0:57  Extractor  
  17  1:02  Drone  
  17  1:12  Overlord  
  17  1:34  Drone x2  
  17  1:39  Hatchery  
  18  1:46  Queen  
  20  1:50  Zergling x2  
  21  1:56  Zergling x2  
  22  2:05  Metabolic Boost  
  22  2:16  Extractor  
  22  2:21  Zergling x4  
  23  2:44  Overlord  
  23  2:45  Overlord  
  23  2:51  Queen  
  25  3:02  Baneling Nest, Drone  
  25  3:03  Drone x3  
  28  3:07  Drone  
  29  3:25  Drone  
  29  3:26  Drone x2  
  32  3:34  Lair  
  32  3:49  Drone x4  
  36  4:10  Drone x4  
  36  4:11  Drone x3  
  36  4:12  Drone  
  36  4:16  Overlord  
  44  4:21  Overlord  
  44  4:48  Spire  
  43  4:56  Extractor  
  43  4:58  Extractor  
  41  5:01  Zergling x2  
  41  5:02  Zergling x10  
  47  5:11  Centrifical Hooks  
  47  5:14  Zergling x4  
  49  5:16  Baneling x3  
  49  5:17  Baneling x4  
  49  5:39  Zergling x6  
  49  5:40  Overlord  
  49  5:41  Overlord x4  
  52  6:00  Mutalisk x4  
  60  6:08  Mutalisk x3  
  60  6:10  Zergling x6  
  69  6:16  Zergling x4  
  71  6:31  Mutalisk x2  
  75  6:48  Mutalisk x3  
  75  6:50  Zergling x2  
  82  6:55  Overlord  
  82  6:56  Overlord  
  82  7:01  Unknown  
  82  7:11  Zergling x2  
  82  7:12  Zergling x10  
  88  7:30  Zergling x4  
  88  7:31  Zergling x10  
  88  7:35  Baneling x2  
  88  7:36  Baneling x7  
  95  7:51  Mutalisk x2  
  95  7:52  Mutalisk  
  101  8:09  Zergling x6  
  101  8:10  Zergling x8  
Tags
 
Add a new tag
Caveats
  • Supply blocks, unpowered buildings, or Contaminate may cause inaccurate times.
  • Supply counts are checked every 10 seconds.